 Dungeon Sprint DCSS version 0.27-a0-633-gc6addc0a40 (webtiles) character file.

Game seed: 12287241206955315925

25 mhtbhm the Skirmisher (level 2, 0/29 HPs)
             Began as a Minotaur Fighter on Mar 13, 2021.
             Slain by a wolf (8 damage)
             ... in the Dungeon (Sprint III: "The Ten Rune Challenge").
             The game lasted 00:00:24 (184 turns).

mhtbhm the Skirmisher (Minotaur Fighter)             Turns: 184, Time: 00:00:25

Health: 0/29       AC:  7    Str: 20    XL:     2   Next: 82%
Magic:  1/1        EV:  7    Int:  5    God:
Gold:   11         SH:  9    Dex:  9    Spells: 1/1 levels left

rFire    . . .     SeeInvis .   a - +0 war axe
rCold    . . .     Faith    .   c - +0 kite shield
rNeg     . . .     Spirit   .   b - +0 scale mail
rPois    .         Reflect  .   (helmet restricted)
rElec    .         Harm     .   (no cloak)
rCorr    .         Rampage  .   (no gloves)
Will     .....     NoTele   +   (no boots)
Stlth    ..........             (no amulet)
HPRegen  0.09/turn              (no ring)
MPRegen  0.07/turn              (no ring)

@: no status effects
A: horns 2, retaliatory headbutt
a: no special abilities


You were in the Dungeon.
You visited 1 branch You collected 11 gold pieces.

Inventory:

Hand Weapons
 a - a +0 war axe (weapon)
Armour
 b - a +0 scale mail (worn)
 c - a +0 kite shield (worn)
Scrolls
 j - a scroll of blinking
Potions
 d - a potion of might
 e - a potion of curing
 g - a potion of haste
 h - 2 potions of magic
 i - a potion of berserk rage


   Skills:
 + Level 5.2 Fighting
 + Level 3.4 Axes
 + Level 5.2 Armour
 + Level 5.0 Shields


You had one spell level left.
You didn't know any spells.
Your spell library was empty.

Dungeon Overview and Level Annotations

Branches:
Dungeon (1/1)

Altars:


Innate Abilities, Weirdness & Mutations

You have a pair of horns on your head.
You reflexively headbutt those who attack you in melee.


Message History

The human is severely wounded.
The human hits you.
You slash the human! Your headbutt misses the human.
The human is almost dead.
The human barely misses you. You furiously retaliate!
You headbutt the human!
You kill the human!
Your Fighting skill increases to level 5!
Your Axes skill increases to level 3!
Your Armour skill increases to level 5!
Your Shields skill increases to level 5!
You have reached level 2!
You start resting.
You start resting.
HP restored.
You start waiting.
A wolf comes into view.
The wolf howls!
The wolf bites you. You block the wolf's attack.
You slash the wolf!
The wolf is severely wounded.
You block the wolf's attack. The wolf bites you!
You closely miss the wolf. Your headbutt misses the wolf.
The wolf is heavily wounded.
The wolf bites you but does no damage. You block the wolf's attack.
The wolf barely misses you.
You closely miss the wolf. Your headbutt misses the wolf.
The wolf is moderately wounded.
The wolf bites you. You block the wolf's attack.
You barely miss the wolf. Your headbutt misses the wolf.
The wolf is moderately wounded.
The wolf closely misses you. The wolf bites you!
* * * LOW HITPOINT WARNING * * *
You block the wolf's attack.
You miss the wolf.
The wolf is moderately wounded.
The wolf bites you but does no damage. You block the wolf's attack.
The wolf barely misses you.
You barely miss the wolf.
The wolf is moderately wounded.
The wolf bites you!
You die...

▓▓▓▓ ▓▓▓▓▓▓▓ ▓<.#
+.....♣ ▓..#
#.....♣♣
▓#'####....♣.♣
▓.†...#....≈♣
▓.....#...≈≈♣♣♣.♣.#
▓....(#h.≈≈≈≈.♣.♣.+
▓####'#@.≈≈≈≈≈≈♣..#
▓....†#.≈≈≈≈≈≈....#
▓.....#.≈≈≈≈≈.....#
▓.....#.≈≈≈.......#
▓'#####...........#
▓..........†......#
▓▓▓▓▓▓▓▓▓▓▓▓▓▓▓▓▓▓▓


You could see a wolf.

Vanquished Creatures
  A human (D)
  An ooze (D)
  3 rats (D)
5 creatures vanquished.

Notes
Turn   | Place    | Note
-------+----------+-------------------------------------------
     0 | D        | mhtbhm the Minotaur Fighter began the quest for the Orb.
     0 | D        | Reached XP level 1. HP: 19/19 MP: 0/0
    88 | D        | Reached skill level 5 in Fighting
    88 | D        | Reached skill level 5 in Armour
    88 | D        | Reached skill level 5 in Shields
    88 | D        | Reached XP level 2. HP: 25/29 MP: 1/1
   184 | D        | Slain by a wolf

Illustrated notes

Levels and vault maps discovered:
D:        dungeon_sprint_mu [sprint_mu_entry_forest, sprint_mu_temple_rooms,
          sprint_mu_d1_spiders, sprint_mu_d2_genie, sprint_mu_d3_branching,
          sprint_mu_orc_legion, sprint_mu_elf_gauntlet, sprint_mu_hive_nellie,
          sprint_mu_lair_fedhas, sprint_mu_vaults_butterflies,
          sprint_mu_slime_circle, sprint_mu_shoals_kraken,
          sprint_mu_snake_twists, sprint_mu_blade_basic, sprint_mu_crypt_lich,
          sprint_mu_tomb_spiral, sprint_mu_vestibule_basic,
          sprint_mu_gehenna_hellfire, sprint_mu_dis_giant,
          sprint_mu_tartarus_statrot, sprint_mu_cocytus_islands, sprint_mu_zot1]

Skill      XL: |  1 |
---------------+----+-----
Fighting       | 5 |  5.2
Armour         | 5 |  5.2
Shields        | 5 |  5.0
Axes           | 3 |  3.4

Action                   || total
-------------------------++-------
Melee: War axe           ||    22
       Headbutt          ||     4
  Use: Potion            ||     1
Armor: Scale mail        ||     7
Dodge: Dodged            ||     5
Block: Kite shield       ||    15

Table legend: (Time is in decaauts)
 A = Elapsed time spent in this place.
 B = Non-inter-level travel time spent in this place.
 C = Inter-level travel time spent in this place.
 D = Time resting spent in this place.
 E = Time spent auto-exploring this place.
 F = Levels seen in this place.
 G = Mean time per level.
                   A        B        C        D        E       F      G
               +--------+--------+--------+--------+--------+-----+--------+
         Total |    195 |    195 |      0 |     84 |     62 |   1 |  195.0 |
       Dungeon |    195 |    195 |      0 |     84 |     62 |   1 |  195.0 |
               +--------+--------+--------+--------+--------+-----+--------+

Top non-repeatable levels by time:
       D: 195 daAuts
